 Dungeon Crawl Stone Soup version 0.30-a0-715-gdb4ae3ece1 (webtiles) character file.

Game seed: 8115982559321769424

2006397 snackwell the Acrobat (level 27, 226/226 HPs)
             Began as a Gnoll Reaver on Jan 21, 2023.
             Was the Champion of the Shining One.
             Escaped with the Orb
             ... and 4 runes on Jan 23, 2023!
             The game lasted 06:57:25 (89617 turns).

snackwell the Acrobat (Gnoll Reaver)               Turns: 89617, Time: 06:57:26

Health: 226/226    AC: 42    Str: 19    XL:     27
Magic:  38/42      EV: 33    Int: 19    God:    the Shining One [******]
Gold:   6268       SH:  7    Dex: 14    Spells: 6/65 levels left

rFire   . . .      SeeInvis +    b - +27 heavy crossbow "Sniper" {heavy, Acc+∞ SInv}
rCold   + + .      Faith    .    (shield currently unavailable)
rNeg    + + +      Spirit   .    e - +8 ice dragon scales of the Endless Expanse {rElec rPois rF- rC++ Stlth+}
rPois   +          Reflect  +    r - +2 helmet {Int+3}
rElec   +          Harm     .    k - +2 cloak
rCorr   .          Rampage  .    M - +2 pair of gloves
Will    ++...      Clarity  +    J - +1 pair of boots of Nuasybb {rF+ Stlth+}
Stlth   +                        s - amulet of reflection
HPRegen 0.57/turn                q - ring of the Hare {EV+10}
MPRegen 0.28/turn                O - ring of the Octopus King {Wiz HP+2 AC+2 EV+2 SH+2}

@: glowing, studying 3 skills
A: fangs 1, strong nose, distributed training, clarity, low MP 1, shaggy fur 1
0: Orb of Zot
}: 4/15 runes: barnacled, slimy, abyssal, gossamer
a: Renounce Religion, Divine Shield, Cleansing Flame, Summon Divine Warrior


You escaped.
You worshipped the Shining One.
The Shining One was exalted by your worship.
You visited 11 branches of the dungeon, and saw 54 of its levels.
You visited the Abyss 2 times.
You also visited: Ice Cave and Volcano.

You collected 7640 gold pieces.
You spent 1372 gold pieces at shops.

Inventory:

Hand Weapons
 a - a +7 trishula of holy wrath (the Shining One gifted it to you on level 15 of the Dungeon)
 b - the +27 heavy crossbow "Sniper" (weapon) {heavy, Acc+∞ SInv}
   (You found it on level 1 of the Depths)

   Acc+∞: It never misses its target.
   SInv:      It lets you see invisible.
 g - a +7 lajatang of electrocution
   (You took it off Agnes on level 15 of the Dungeon)
Missiles
 m - 3 throwing nets
 L - 18 curare-tipped darts
 Q - 34 boomerangs
 Y - 2 javelins
Armour
 e - the +8 ice dragon scales of the Endless Expanse (worn) {rElec rPois rF- rC++ Stlth+}
   (You found it on level 4 of the Dungeon)

   rF:        It makes you vulnerable to fire.
   rC:        It greatly protects you from cold.
   rElec:     It insulates you from electricity.
   rPois:     It protects you from poison.
   Stlth:     It makes you more stealthy.
 k - a +2 cloak (worn)
   (You found it on level 4 of the Dungeon)
 r - a +2 helmet of intelligence (worn)
   (You bought it in a shop on level 9 of the Dungeon)
 J - the +1 pair of boots of Nuasybb (worn) {rF+ Stlth+}
   (You bought it in a shop on level 2 of the Orcish Mines)

   rF:        It protects you from fire.
   Stlth:     It makes you more stealthy.
 M - a +2 pair of gloves (worn)
   (You bought it in a shop on level 2 of the Orcish Mines)
Magical Staves
 d - a staff of cold
   (You acquired it on level 2 of the Shoals)
Jewellery
 c - the ring "Buplo" {rF++ Will- Int+6 Dex+2 SInv}
   (You took it off a draconian shifter on level 1 of the Crypt)

   [ring of intelligence]

   Int:       It affects your intelligence (+6).
   Dex:       It affects your dexterity (+2).
   rF:        It greatly protects you from fire.
   SInv:      It lets you see invisible.
   Will:      It decreases your willpower.
 q - the ring of the Hare (left hand) {EV+10}
   (You found it on level 5 of the Pits of Slime)

   [ring of evasion]

   EV:        It affects your evasion (+10).
 s - an amulet of reflection (around neck)
   (You found it on level 3 of the Dungeon)
 G - the ring of Miusipt {rF+ Int+6 Slay+2 Stlth+}
   (You found it on level 7 of the Dungeon)

   [ring of intelligence]

   Int:       It affects your intelligence (+6).
   Slay:      It affects your accuracy & damage with ranged weapons and melee
   (+2).
   rF:        It protects you from fire.
   Stlth:     It makes you more stealthy.
 I - the ring "Wubueh" {rN+ rCorr Str+3}
   (You took it off a deep elf pyromancer on level 7 of the Dungeon)

   [ring of resist corrosion]

   Str:       It affects your strength (+3).
   rN:        It protects you from negative energy.
   rCorr:     It protects you from acid and corrosion.
 O - a ring of the Octopus King (right hand) {Wiz HP+2 AC+2 EV+2 SH+2}
   (You found it on level 1 of the Lair of Beasts)

   [ring of wizardry]

   It improves your spell success rate.
   AC:        It affects your AC (+2).
   EV:        It affects your evasion (+2).
   HP:        It affects your health (+2).
   SH:        It affects your SH (+2).
Wands
 f - a wand of roots (23)
   (You took it off Joseph on level 9 of the Dungeon)
 x - a wand of mindburst (21)
   (You found it on level 7 of the Dungeon)
 y - a wand of quicksilver (43)
   (You found it on level 6 of the Dungeon)
 T - a wand of digging (17)
   (You took it off Nergalle on level 1 of the Orcish Mines)
Scrolls
 i - 2 scrolls of magic mapping
 n - 2 scrolls of silence
 v - 6 scrolls of blinking
 w - 8 scrolls of fog
 z - 9 scrolls of poison
 B - 18 scrolls of teleportation
 F - a scroll of summoning
 R - 11 scrolls of fear
Potions
 h - 15 potions of flight
 j - 12 potions of lignification
 l - 5 potions of might
 p - 3 potions of heal wounds
 u - 13 potions of ambrosia
 A - 17 potions of curing
 D - 5 potions of haste
 H - 3 potions of magic
 K - 7 potions of cancellation
 S - 3 potions of resistance
 U - 7 potions of brilliance
 W - 4 potions of mutation
Miscellaneous
 o - a box of beasts
   (You found it on level 3 of the Elven Halls)
 E - a tin of tremorstones (2/2)
   (You found it on level 1 of the Lair of Beasts)
 N - a phantom mirror
   (You found it on level 3 of the Depths)
 P - a phial of floods
   (You found it on level 3 of the Elven Halls)
 V - a lightning rod (4/4)
   (You found it on level 4 of the Shoals)
 Z - a condenser vane
   (You found it on level 4 of the Shoals)


   Skills:
 + Level 19.8 Fighting
 + Level 19.4 Short Blades
 + Level 19.4 Long Blades
 + Level 20.3 Axes
 + Level 19.4 Maces & Flails
 + Level 19.4 Polearms
 + Level 19.4 Staves
 + Level 19.4 Ranged Weapons
 + Level 19.4 Throwing
 + Level 19.4 Armour
 + Level 26.3 Dodging
 + Level 19.4 Stealth
 + Level 19.4 Shields
 + Level 19.4 Unarmed Combat
 + Level 19.9 Spellcasting
 + Level 17.3 Conjurations
 + Level 16.5 Hexes
 + Level 16.5 Summonings
 + Level 16.5 Necromancy
 + Level 16.5 Translocations
 + Level 16.5 Transmutations
 + Level 16.5 Fire Magic
 + Level 21.5 Ice Magic
 + Level 16.5 Air Magic
 + Level 16.5 Earth Magic
 + Level 17.7 Poison Magic
 + Level 20.9 Invocations
 + Level 19.4 Evocations


You had 6 spell levels left.
You knew the following spells:

 Your Spells              Type           Power      Damage    Failure   Level
a - Swiftness             Air            69%        N/A       0%          3
b - Iskenderun's Mystic   Conj/Tloc      70%        2d14      1%          4
c - Freezing Cloud        Conj/Ice/Air   36%        6-21      1%          5
d - Iron Shot             Conj/Erth      35%        9d7       1%          6
e - Dispersal             Tloc           34%        N/A       1%          6
f - Maxwell's Capacitive  Air            34%        ∞         17%         8
g - Conjure Ball Lightni  Conj/Air       35%        3x3d11    1%          6
p - Portal Projectile     Hex/Tloc       100%       N/A       0%          3
q - Blink                 Tloc           100%       N/A       0%          2
r - Lee's Rapid Deconstr  Erth           34%        3d17*     1%          5
t - Animate Armour        Summ/Erth      100%       N/A       1%          4
v - Yara's Violent Unrav  Hex/Tmut       34%        3d14      1%          5
w - Passwall              Tmut/Erth      57%        N/A       0%          2

Your spell library contained the following spells:

 Spells                   Type           Power      Damage    Failure   Level
 Apportation              Tloc           100%       N/A       0%          1
 Beastly Appendage        Tmut           100%       N/A       0%          1
 Freeze                   Ice            100%       1d10      0%          1
 Kiss of Death            Conj/Necr      100%       2d13      0%          1
 Magic Dart               Conj           100%       1d8       0%          1
 Necrotise                Necr           100%       1d9       0%          1
 Sandblast                Erth           100%       2d20      0%          1
 Shock                    Conj/Air       100%       1d9       0%          1
 Slow                     Hex            100%       N/A       0%          1
 Summon Small Mammal      Summ           100%       N/A       0%          1
 Call Imp                 Summ           69%        N/A       0%          2
 Cigotuvi's Dreadful Rot  Necr/Pois/Air  100%       N/A       0%          2
 Ensorcelled Hibernation  Hex/Ice        100%       N/A       0%          2
 Lesser Beckoning         Tloc           100%       N/A       0%          2
 Momentum Strike          Conj/Tloc      100%       3d10      0%          2
 Poisonous Vapours        Pois/Air       100%       N/A       0%          2
 Wereblood                Tmut           69%        N/A       0%          2
 Call Canine Familiar     Summ           69%        N/A       0%          3
 Confusing Touch          Hex            69%        N/A       0%          3
 Dazzling Flash           Conj/Hex       100%       N/A       0%          3
 Frozen Ramparts          Ice            100%       1d16      0%          3
 Gell's Gravitas          Tloc           69%        N/A       0%          3
 Hailstorm                Conj/Ice       75%        3d15      0%          3
 Ignite Poison            Fire/Tmut/Pois 70%        N/A       0%          3
 Inner Flame              Hex/Fire       69%        N/A       0%          3
 Kindle Blastsparks       Fire/Tloc/Air  100%       2d18      0%          3
 Mephitic Cloud           Conj/Pois/Air  71%        N/A       0%          3
 Spider Form              Tmut/Pois      71%        N/A       0%          3
 Stone Arrow              Conj/Erth      100%       3d13      0%          3
 Summon Guardian Golem    Hex/Summ       69%        N/A       0%          3
 Teleport Other           Tloc           69%        N/A       0%          3
 Tukima's Dance           Hex            69%        N/A       0%          3
 Ice Form                 Ice/Tmut       74%        N/A       0%          4
 Summon Ice Beast         Ice/Summ       74%        N/A       0%          4
 Airstrike                Air            34%        2d(5-21)  1%          4
 Cause Fear               Hex            34%        N/A       1%          4
 Dispel Undead            Necr           69%        3d23      1%          4
 Flame Wave               Conj/Fire      70%        2d16      1%          4
 Fulminant Prism          Conj/Hex       35%        3d17      1%          4
 Leda's Liquefaction      Hex/Erth       34%        N/A       1%          4
 Manifold Assault         Tloc           69%        N/A       1%          4
 Passage of Golubria      Tloc           69%        N/A       1%          4
 Sticky Flame             Conj/Fire      70%        2d8       1%          4
 Summon Lightning Spire   Summ/Air       69%        N/A       1%          4
 Alistair's Intoxication  Tmut/Pois      47%        N/A       1%          5
 Borgnjor's Vile Clutch   Necr/Erth      34%        N/A       1%          5
 Fireball                 Conj/Fire      35%        3d15      1%          5
 Iskenderun's Battlesphe  Conj           71%        2d12      1%          5
 Summon Forest            Summ/Tloc      34%        N/A       1%          5
 Summon Mana Viper        Hex/Summ       69%        N/A       1%          5
 Eringya's Noxious Bog    Tmut/Pois      35%        N/A       1%          6
 Simulacrum               Ice/Necr       37%        N/A       1%          6
 Starburst                Conj/Fire      35%        6d10      1%          6
 Statue Form              Tmut/Erth      46%        N/A       1%          6
 Orb of Destruction       Conj           35%        9d10      1%          7
 Spellforged Servitor     Conj/Summ      35%        N/A       1%          7
 Dragon Form              Tmut           34%        N/A       2%          7
 Enfeeble                 Hex            34%        N/A       2%          7
 Storm Form               Tmut/Air       34%        N/A       2%          7
 Lehudib's Crystal Spear  Conj/Erth      35%        10d9      16%         8
 Discord                  Hex            34%        N/A       17%         8
 Disjunction              Tloc           34%        N/A       17%         8
 Polar Vortex             Ice            39%        N/A       32%         9
 Chain Lightning          Conj/Air       35%        3d46      89%         9
 Fire Storm               Conj/Fire      35%        8d9       89%         9
 Dragon's Call            Summ           34%        N/A       92%         9
 Shatter                  Erth           34%        3d28*     92%         9


Dungeon Overview and Level Annotations

Branches:
Dungeon (15/15)            Temple (0/1) D:5            Lair (5/5) D:10
 Shoals (4/4) Lair:2       Spider (4/4) Lair:2        Slime (5/5) Lair:4
    Orc (2/2) D:10            Elf (3/3) Orc:2        Vaults (4/5) D:14
  Crypt (3/3) Vaults:3       Tomb (0/3) Crypt:3      Depths (4/4) D:15
    Zot (5/5) Depths:4      IceCv (visited)         Volcano (visited)

Altars:
Elyvilon
Gozag
Kikubaaqudgha
Nemelex Xobeh
Ru
Trog
Uskayaw
Yredelemnul
The Shining One
Jiyva

Shops:
D:2 *   D:9 [   D:11 =   D:12 *   Orc:2 [[:*   Elf:1 :   Elf:2 ::=   Elf:3 (
Shoals:1 ?   Shoals:2 :   Shoals:3 (   Vaults:1 =   Vaults:4 (   Depths:1 [
Depths:4 *?[?

Portals:
Hell: Depths:1 Depths:2 Depths:3 Depths:4
Abyss: Depths:1 Depths:3
Pandemonium: Depths:2 Depths:4
Ziggurat: Depths:1
Trove: D:15 (give +5 fire dragon scales)

Annotations:
Vaults:2 Mennas
Crypt:2 Boris
Depths:1 2 runed translucent doors
Zot:3 exclusion: orb of fire


Innate Abilities, Weirdness & Mutations

You have very sharp teeth.
Your uncanny sense of smell can sniff out nearby items.
Your experience applies equally to all skills.
You possess an exceptional clarity of mind.
Your magical capacity is low. (-10% MP)
You are covered in fur. (AC +1)


Message History

You climb upwards.
There is a stone staircase leading down here.
There is a stone staircase leading up here.
You climb upwards.
There is a stone staircase leading down here.
There is an open door here.
A green death comes into view.
The green death roars!
The green death gestures at you. The poison arrow misses you.
There is an open door here.
There is a stone staircase leading up here.
You climb upwards.
There is a stone staircase leading down here.
You see here a +0 giant spiked club.
There is a stone staircase leading up here.
You climb upwards.
There is a stone staircase leading down here.
There is a stone staircase leading up here.
You climb upwards.
There is a stone staircase leading down here.
There is an escape hatch in the ceiling here.
Really go through this one-way escape hatch?
A mysterious force pulls you upwards. The hatch slams shut behind you.
There is a stone staircase leading up here.
You climb upwards.
There is a stone staircase leading down here.
There is a stone staircase leading up here.
You climb upwards.
There is a stone staircase leading down here.
Casting: Passwall (safe; 0% risk of failure)
Confirm with . or Enter, or press ? or * to list all spells.
Aiming: Passwall (safe; 0% risk of failure)
Press: ? - help, Dir - move target You can't see that place. [the floor.]
You begin to meditate on the wall.
You continue meditating on the rock. x2
You finish merging with the rock.
There is a staircase leading out of the dungeon here.
What are your orders? t - Bark!
Orders for allies: a - Attack new target. r - Retreat! s - Stop attacking. g - Guard the area. f - Follow me.
Anything else - Cancel.
You bark for attention!
Casting: Passwall (safe; 0% risk of failure)
Confirm with . or Enter, or press ? or * to list all spells.
A demonic crawler comes into view.
You have escaped!

.# #..........#..##.....## ##..
.# #............###...#..###...
.# #.............##...##..##.#.
.# #........#.##.##...###....#.
.# #.......##..#...............
.#####..###########......##......
........#........[#..............
.......)#...###...#..............
........'...#.#.@.#..............
........#...###...#..............
........#........s#..............
........###########..............
~~...............................
⌠~......#######..................
........# ##.....#...........#
.......## #..................#
........######..................#


You could see a demonic crawler and a friendly animated ice dragon scales
(summoned).

Vanquished Creatures
  the Royal Jelly (Slime:5)
  4 orbs of fire (Zot:5)
  A dread lich (Zot:5)
  3 ancient liches
  A juggernaut (Depths:2)
  Bai Suzhen (Depths:1)
  7 Killer Klowns
  Parghit (Zot:3)
  A caustic shrike (shapeshifter) (Depths:4)
  Xtahua (Vaults:2)
  7 curse toes
  4 caustic shrikes
  8 golden dragons
  Nikola (Vaults:3)
  A bone dragon (Crypt:3)
  Jory (Vaults:3)
  2 electric golems (Zot:5)
  6 liches
  25 Orb Guardians
  13 tentacled monstrosities
  2 deep elf master archers (Elf:3)
  A titan (Shoals:4)
  A deep elf blademaster (Elf:3)
  5 quicksilver dragons
  7 death cobs
  A kraken (Shoals:3)
  26 acid blobs
  Frances (D:12)
  A sphinx (Vaults:1)
  8 tentacled starspawn (Abyss:3)
  8 ancient champions
  9 shadow dragons
  Agnes (D:15)
  7 draconian monks
  14 storm dragons
  11 rockslimes
  A tengu reaver (Depths:3)
  3 revenants
  Donald (Vaults:2)
  4 azure jellies
  3 draconian knights
  6 fire giants
  7 frost giants
  7 deep elf sorcerers
  2 iron dragons
  Louise (D:15)
  An orc warlord (Vaults:1)
  14 ironbound preservers
  8 draconian scorchers
  4 ghost moths
  7 vault wardens
  4 emperor scorpions
  2 draconian stormcallers
  25 very ugly things
  2 curse skulls
  7 draconian shifters
  7 ghouls
  8 ironbound thunderhulks
  2 war gargoyles
  2 reapers
  3 deep elf elementalists (Elf:3)
  A broodmother (Spider:3)
  2 spriggan defenders (Depths:4)
  A caustic shrike skeleton (Crypt:3)
  6 draconian annihilators
  5 quicksilver oozes
  A juggernaut skeleton (Crypt:2)
  5 deep elf demonologists (Elf:3)
  11 stone giants
  7 vampire knights
  12 green draconians
  5 deep elf annihilators
  15 dire elephants
  13 yellow draconians
  7 black draconians
  13 white draconians
  13 spark wasps
  14 purple draconians
  7 red draconians
  A crystal guardian (Vaults:4)
  10 ettins
  The ghost of tinescath the Fighter, a journeyman GrEE of Vehumet (Lair:2)
  2 merfolk javelineers (Shoals:4)
  10 deep elf death magi
  Josephine (D:14)
  An eidolon (Crypt:3)
  Fannar (Lair:1)
  8 merfolk impalers
  4 deep elf high priests
  8 jiangshi
  5 fire dragons
  11 great orbs of eyes
  6 ice dragons
  10 entropy weavers
  8 yaktaur captains
  A peacekeeper (Vaults:4)
  4 rakshasas
  3 hydras
  4 catoblepae
  8 vault guards
  5 merfolk avatars
  5 spriggan air magi
  Erica (Lair:1)
  A fenstrider witch skeleton (Crypt:2)
  2 ghost crabs (Spider:1)
  5 boulder beetles
  The ghost of hikkokomori the Cleaver, a novice MiBe of Trog (D:9)
  21 centaur warriors
  12 ironbound frosthearts
  3 alligator snapping turtles
  An ogre mage (Crypt:1)
  An alligator (Shoals:2)
  3 deep troll shamans
  6 jorogumos
  An Orb Guardian skeleton (Crypt:3)
  A radroach (Spider:1)
  6 two-headed ogres
  2 satyrs
  A hell hog (Zot:2)
  A spriggan berserker (Depths:3)
  24 dancing weapons
  7 death yaks (Lair:5)
  9 merfolk aquamancers
  5 tengu warriors
  8 deep troll earth magi
  An azure jelly zombie (Crypt:2)
  An orc high priest (Elf:1)
  12 vampire magi
  11 soul eaters
  2 sun demons
  15 deep elf knights
  4 pharaoh ants
  Nergalle (Orc:1)
  4 shadow wraiths
  19 hell knights
  A goliath frog (Shoals:2)
  6 iron trolls
  2 salamander mystics (Depths:3)
  3 wretched stars (Abyss:3)
  6 flayed ghosts
  A fire crab (Lair:5)
  29 skeletal warriors
  2 sun moths
  10 sea snakes
  A sea snake (shapeshifter) (Vaults:2)
  2 glowing orange brains (Abyss:3)
  56 deep trolls
  A death drake (Abyss:3)
  A tengu zombie (D:15)
  The ghost of dracfodder the Geomancer, a novice GrEE (D:6)
  8 deep elf archers
  14 orb spiders
  8 orc knights
  2 bog bodies
  8 wizards
  A golden dragon skeleton (Crypt:3)
  A bunyip skeleton (Crypt:3)
  The ghost of Rudyous the Trooper, a novice MiFi (D:6)
  9 harpies
  17 ironbound convokers
  A spriggan simulacrum (Crypt:3)
  A swamp dragon (Lair:4)
  7 steelbarb worms
  7 salamanders (Depths:3)
  30 deep elf zephyrmancers
  An obsidian statue (Vaults:4)
  7 phantasmal warriors
  6 oklob plants
  15 lindwurms
  An anaconda skeleton (Crypt:3)
  14 necromancers
  9 orc sorcerers
  15 wolf spiders
  The ghost of elongatedgoose the Insei, a novice DsTm (D:6)
  27 deep elf pyromancers
  A tengu skeleton (Vaults:2)
  The ghost of ctx the Digger, a novice GnEE of Cheibriados (D:6)
  A stone giant zombie (D:15)
  An iron dragon skeleton (Crypt:3)
  22 fauns
  3 worldbinders (Abyss:3)
  45 ugly things
  5 cyclopes
  6 shining eyes
  16 manticores
  A sphinx skeleton (Crypt:1)
  30 moths of wrath
  2 ice statues (IceCv)
  An eleionoma skeleton (Crypt:3)
  8 apocalypse crabs (Zot:3)
  5 merfolk sirens
  A dire elephant zombie (Crypt:3)
  A naga zombie (Crypt:3)
  2 molten gargoyles (Volcano)
  Joseph (D:9)
  6 elephants (Lair:2)
  13 vault sentinels
  127 slime creatures
  14 water nymphs
  3 black mambas
  2 smoke demons (Abyss:3)
  4 eyes of devastation
  10 demonic crawlers
  3 torpor snails
  2 orange demons
  11 cane toads
  A pale draconian zombie (Crypt:2)
  4 gargoyles
  Maggie (D:8)
  An orb spider zombie (Crypt:1)
  A hellion (Depths:2)
  9 rime drakes
  2 unseen horrors (D:7)
  A red draconian zombie (Crypt:2)
  2 freezing wraiths
  2 kobold demonologists (Crypt:1)
  23 yaktaurs
  A rime drake (shapeshifter) (Elf:1)
  7 tengu conjurers
  The ghost of Mitcholas the Skirmisher, a novice DEHu of Okawaru (D:6)
  2 efreet
  A golden dragon simulacrum (Crypt:3)
  8 komodo dragons
  A mana viper zombie (Crypt:3)
  2 spriggan skeletons (D:15)
  A red devil (Depths:2)
  A redback zombie (Crypt:2)
  A silent spectre (Crypt:1)
  A hellwing (Abyss:3)
  6 meliai
  6 ancient zymes (Abyss:3)
  6 trolls
  2 ice devils
  31 merfolk
  10 wind drakes
  A queen bee (Spider:3)
  5 hornets
  34 tarantellas
  A polar bear (shapeshifter) (Depths:3)
  3 polar bears
  8 snapping turtles
  4 tyrant leeches (Spider:1)
  Prince Ribbit (D:8)
  A harpy skeleton (Crypt:3)
  A raiju (Abyss:3)
  10 dream sheep
  An alligator zombie (Crypt:1)
  6 flying skulls
  18 jumping spiders
  17 culicivoras
  A black mamba zombie (Crypt:3)
  5 air elementals
  An ettin skeleton (Crypt:3)
  2 spriggans (Depths:3)
  4 shadows
  A slime creature zombie (Crypt:3)
  2 centaur simulacra
  4 ynoxinuls
  29 water elementals
  3 wyverns
  A basilisk (Lair:3)
  2 vampires (Crypt:3)
  16 wraiths
  20 humans (D:14)
  73 yaks
  8 vampire mosquitoes
  5 golden eyes
  4 fire elementals
  22 starcursed masses (Abyss:3)
  A steam dragon (Lair:3)
  4 small abominations (Abyss:3)
  57 redbacks
  A yaktaur simulacrum (Vaults:2)
  3 chaos spawn
  7 neqoxecs
  A two-headed ogre zombie (Orc:1)
  5 wargs (Orc:2)
  6 large abominations (Abyss:3)
  7 water moccasins
  A human skeleton (Vaults:2)
  3 acid dragons
  A glowing shapeshifter skeleton (Crypt:3)
  17 orc warriors
  7 sky beasts
  2 black bears (D:7)
  3 ice beasts
  7 ogres
  A boggart (Vaults:2)
  An elephant skeleton (Crypt:3)
  A swamp dragon skeleton (Crypt:1)
  5 centaurs
  5 phantoms
  A salamander zombie (Crypt:1)
  3 kobold brigands
  A rime drake skeleton (Crypt:2)
  Blork the orc (D:5)
  9 bullfrogs
  3 earth elementals
  3 gnoll sergeants
  4 necrophages
  A cyclops zombie (Orc:1)
  6 scorpions
  2 cyclops skeletons (Orc:1)
  A draconian skeleton (Crypt:3)
  3 wights (D:8)
  A spriggan zombie (Crypt:1)
  2 troll zombies (D:10)
  3 lindwurm simulacra (IceCv)
  14 killer bees
  A warg skeleton (Crypt:1)
  3 howler monkeys
  A vampire bat (D:5)
  A troll skeleton (Orc:1)
  2 electric eels (Lair:2)
  7 komodo dragon simulacra (IceCv)
  A lava snake (Volcano)
  4 quasits
  A hound (D:6)
  11 orc priests
  5 jellies
  A warg simulacrum (Orc:1)
  5 iguanas
  2 gnoll boudas
  40 orc wizards
  4 lightning spires (Depths:1)
  5 ogre zombies
  18 gnolls
  An ogre simulacrum (Orc:1)
  7 acid dragon simulacra (IceCv)
  6 adders
  2 shadow imps
  5 white imps
  An orc simulacrum (Orc:1)
  4 ufetubi
  4 steam dragon simulacra (IceCv)
  2 worms
  4 fire bats
  83 orcs
  2 spectral bats (D:5)
  15 bats
  3 bat skeletons (D:5)
  A bat zombie (D:5)
  9 endoplasms
  4 giant cockroaches
  5 hobgoblins
  5 jackals
  11 kobolds
  2 quokkas
  A river rat zombie (Crypt:3)
  11 ball pythons
  A ball python zombie (Crypt:1)
  A bat simulacrum (D:5)
  3 frilled lizards
  A giant cockroach zombie (Crypt:1)
  6 goblins
  3 goblin skeletons (D:10)
  5 goblin zombies (D:10)
  A hobgoblin skeleton (D:10)
  A hobgoblin zombie (D:10)
  5 orc skeletons
  9 orc zombies
  3 rats
  8 bushes
  3 starspawn tentacles (Abyss:3)
  4 tentacles (Shoals:3)
2458 creatures vanquished.

Vanquished Creatures (collateral kills)
  An orb of fire (Zot:5)
  4 Killer Klowns (Zot:5)
  A golden dragon (Depths:1)
  Arachne (Spider:4)
  An Orb Guardian (Zot:5)
  A vault warden (Vaults:2)
  A dire elephant (Vaults:2)
  A centaur warrior (Shoals:2)
  A spriggan air mage (Depths:1)
  A rakshasa (Depths:1)
  3 large abominations (Abyss:3)
  An ugly thing (Depths:4)
  A merfolk siren (Shoals:2)
  A gargoyle (Volcano)
  A merfolk (Shoals:2)
  A hornet (Depths:1)
  2 spriggans (Depths:1)
  A water elemental (Shoals:2)
  2 sky beasts (Depths:1)
  2 starcursed masses (Abyss:3)
  2 small abominations (Abyss:3)
  A ball lightning (Elf:3)
  2 starspawn tentacles (Abyss:3)
33 creatures vanquished.

Vanquished Creatures (others)
  A draconian annihilator (Zot:4)
  A red draconian (Zot:2)
  2 deep elf pyromancers
  A tyrant leech (Spider:1)
  A culicivora (Spider:2)
  A human (Crypt:1)
  An orc wizard (Orc:2)
  2 small abominations (Abyss:3)
  A quokka (Depths:2)
  20 ball lightnings
  8 fungi
  53 plants
  18 starspawn tentacles (Abyss:3)
  8 tentacles (Shoals:3)
  11 withered plants (Crypt:3)
129 creatures vanquished.

Grand Total: 2620 creatures vanquished

Notes
Turn   | Place    | Note
-------+----------+-------------------------------------------
     0 | D:1      | snackwell the Gnoll Reaver began the quest for the Orb.
     0 | D:1      | Reached XP level 1. HP: 20/20 MP: 6/6
    35 | D:1      | Reached XP level 2. HP: 24/26 MP: 7/7
   247 | D:1      | Reached skill level 5 in Spellcasting
   247 | D:1      | Reached XP level 3. HP: 25/31 MP: 7/9
   874 | D:2      | Reached skill level 1 in Invocations
   902 | D:2      | Found a faded altar of an unknown god.
   905 | D:2      | Prayed at the altar of an unknown god.
   905 | D:2      | Became a worshipper of the Shining One
   905 | D:2      | Reached * piety under the Shining One
   925 | D:2      | Learned a level 2 spell: Momentum Strike
  1069 | D:2      | Reached skill level 1 in Short Blades
  1069 | D:2      | Reached skill level 1 in Long Blades
  1069 | D:2      | Reached skill level 1 in Maces & Flails
  1069 | D:2      | Reached skill level 1 in Polearms
  1069 | D:2      | Reached skill level 1 in Staves
  1069 | D:2      | Reached skill level 1 in Ranged Weapons
  1069 | D:2      | Reached skill level 1 in Throwing
  1069 | D:2      | Reached skill level 1 in Armour
  1069 | D:2      | Reached skill level 1 in Stealth
  1069 | D:2      | Reached skill level 1 in Shields
  1069 | D:2      | Reached skill level 1 in Unarmed Combat
  1069 | D:2      | Reached skill level 1 in Evocations
  1291 | D:2      | You fall into a shaft and drop 1 floor!
  1412 | D:3      | Identified the +1 mace of the Eleven Priests {vamp, *Rage
                  | rElec rCorr Str+4}
  1582 | D:2      | Found Biomias's General Store.
  1909 | D:3      | Reached XP level 4. HP: 32/38 MP: 11/11
  2969 | D:4      | Reached skill level 1 in Hexes
  2969 | D:4      | Reached skill level 1 in Summonings
  2969 | D:4      | Reached skill level 1 in Necromancy
  2969 | D:4      | Reached skill level 1 in Translocations
  2969 | D:4      | Reached skill level 1 in Transmutations
  2969 | D:4      | Reached skill level 1 in Fire Magic
  2969 | D:4      | Reached skill level 1 in Ice Magic
  2969 | D:4      | Reached skill level 1 in Air Magic
  2969 | D:4      | Reached skill level 1 in Earth Magic
  2969 | D:4      | Reached skill level 1 in Poison Magic
  2976 | D:4      | Noticed a necrophage
  2994 | D:4      | Killed a necrophage
  2995 | D:4      | Reached XP level 5. HP: 24/43 MP: 7/12
  3196 | D:4      | Reached XP level 6. HP: 23/50 MP: 10/13
  3324 | D:4      | Reached skill level 5 in Fighting
  3324 | D:4      | Reached skill level 5 in Dodging
  3721 | D:4      | Identified the +8 ice dragon scales of the Endless Expanse
                  | {rElec rPois rF- rC++ Stlth+}
  3835 | D:4      | Reached XP level 7. HP: 56/56 MP: 15/15
  4162 | D:5      | Entered Level 5 of the Dungeon
  4210 | D:5      | Noticed Blork the orc
  4210 | D:5      | Reached ** piety under the Shining One
  4240 | D:5      | Noticed a wyvern
  4242 | D:5      | Killed Blork the orc
  4255 | D:5      | Killed a wyvern
  4408 | D:5      | Reached XP level 8. HP: 57/63 MP: 16/16
  4939 | D:5      | Reached *** piety under the Shining One
  5058 | D:5      | Found a staircase to the Ecumenical Temple.
  5356 | D:5      | Reached skill level 6 in Dodging
  5746 | D:6      | Reached XP level 9. HP: 58/69 MP: 18/18
  5993 | D:6      | Found a sacrificial altar of Ru.
  5993 | D:6      | Found a bloodstained altar of Trog.
  6025 | D:6      | Found a sparkling altar of Nemelex Xobeh.
  6234 | D:6      | Found a runed translucent gate.
  6234 | D:6      | Found a runed translucent gate.
  6234 | D:6      | Found a runed translucent gate.
  6236 | D:6      | Noticed Mitcholas's ghost (novice DEHu)
  6236 | D:6      | Noticed ctx's ghost (novice GnEE)
  6242 | D:6      | Noticed elongatedgoose's ghost (novice DsTm)
  6242 | D:6      | Noticed Rudyous's ghost (novice MiFi)
  6242 | D:6      | Noticed dracfodder's ghost (novice GrEE)
  6889 | D:7      | Reached skill level 5 in Invocations
  7303 | D:7      | Reached skill level 7 in Dodging
  7489 | D:7      | Noticed an unseen horror
  7521 | D:7      | Killed an unseen horror
  7522 | D:7      | Reached skill level 5 in Short Blades
  7522 | D:7      | Reached skill level 5 in Long Blades
  7522 | D:7      | Reached skill level 5 in Maces & Flails
  7522 | D:7      | Reached skill level 5 in Polearms
  7522 | D:7      | Reached skill level 5 in Staves
  7522 | D:7      | Reached skill level 5 in Ranged Weapons
  7522 | D:7      | Reached skill level 5 in Throwing
  7522 | D:7      | Reached skill level 5 in Armour
  7522 | D:7      | Reached skill level 5 in Stealth
  7522 | D:7      | Reached skill level 5 in Shields
  7522 | D:7      | Reached skill level 5 in Unarmed Combat
  7522 | D:7      | Reached skill level 5 in Evocations
  7522 | D:7      | Reached XP level 10. HP: 68/77 MP: 20/20
  7714 | D:7      | Noticed a manticore
  7746 | D:7      | Killed a manticore
  7909 | D:7      | Noticed a purple ugly thing
  7945 | D:7      | Killed a purple ugly thing
  7946 | D:7      | Reached skill level 8 in Dodging
  8041 | D:7      | Noticed an unseen horror
  8613 | D:7      | Identified the +1 scale mail of the Pits of Slime {Will+
                  | Regen+ Int-5 Dex+4}
  9165 | D:7      | Identified the ring of Miusipt {rF+ Int+6 Slay+2 Stlth+}
  9165 | D:7      | Noticed a deep elf pyromancer
  9166 | D:7      | a deep elf pyromancer changed into a lindwurm
  9166 | D:7      | Noticed a lindwurm
  9168 | D:7      | a lindwurm changed into an eye of devastation
  9168 | D:7      | Noticed an eye of devastation
  9450 | D:7      | Killed an eye of devastation
  9785 | D:7      | Killed an unseen horror
  9827 | D:7      | Identified the ring "Wubueh" {rN+ rCorr Str+3}
  9827 | D:7      | Noticed a deep elf pyromancer
  9828 | D:7      | Identified the ring "Mofimix" {rC+ Str-5 Int+6 Dex+3}
  9837 | D:7      | Killed a deep elf pyromancer
  9838 | D:7      | Reached skill level 5 in Hexes
  9838 | D:7      | Reached skill level 5 in Summonings
  9838 | D:7      | Reached skill level 5 in Necromancy
  9838 | D:7      | Reached skill level 5 in Translocations
  9838 | D:7      | Reached skill level 5 in Transmutations
  9838 | D:7      | Reached skill level 5 in Fire Magic
  9838 | D:7      | Reached skill level 5 in Ice Magic
  9838 | D:7      | Reached skill level 5 in Air Magic
  9838 | D:7      | Reached skill level 5 in Earth Magic
  9838 | D:7      | Reached skill level 5 in Poison Magic
  9838 | D:7      | Reached XP level 11. HP: 85/85 MP: 21/23
  9838 | D:7      | Identified the amulet "Fiuvuy" {RegenMP Str+4}
 10015 | D:8      | Learned a level 3 spell: Swiftness
 10108 | D:8      | Reached skill level 9 in Dodging
 10251 | D:8      | Noticed Prince Ribbit
 10251 | D:8      | Noticed Maggie
 10302 | D:8      | Killed Prince Ribbit
 10315 | D:8      | Killed Maggie
 10440 | D:8      | Noticed Maurice
 10545 | D:8      | Maurice changed into Maurice the fire bat
 10545 | D:8      | Noticed Maurice
 10554 | D:8      | Noticed a two-headed ogre
 10556 | D:8      | Killed Maurice the fire bat
 10573 | D:8      | Killed a two-headed ogre
 11174 | D:9      | Noticed Joseph
 11184 | D:9      | Killed Joseph
 11253 | D:9      | Found a transporter.
 11258 | D:9      | Noticed hikkokomori's ghost (novice MiBe)
 11275 | D:9      | Found a transporter.
 11457 | D:9      | Found a hide-covered altar of Uskayaw.
 11459 | D:9      | Found an ancient bone altar of Kikubaaqudgha.
 11528 | D:9      | Noticed a two-headed ogre
 11528 | D:9      | Reached **** piety under the Shining One
 11531 | D:9      | Killed a two-headed ogre
 11920 | D:9      | Found Woug's Antique Armour Shop.
 11928 | D:9      | Bought a glowing helmet for 180 gold pieces
 12332 | D:10     | Entered Level 10 of the Dungeon
 12362 | D:10     | Reached skill level 10 in Dodging
 12463 | D:10     | Found a staircase to the Lair.
 12958 | D:10     | Reached XP level 12. HP: 87/94 MP: 24/24
 12973 | D:10     | Reached ***** piety under the Shining One
 12981 | D:10     | Found a staircase to the Orcish Mines.
 13917 | D:11     | Identified the +5 ring mail of the Undertaker {+Inv rElec
                  | Stlth+}
 14249 | D:11     | Found Ineo's Jewellery Boutique.
 14571 | Lair:1   | Entered Level 1 of the Lair of Beasts
 14593 | Lair:1   | Reached skill level 10 in Axes
 14681 | Lair:1   | Found the ring of the Octopus King
 14688 | Lair:1   | Identified a ring of the Octopus King {Wiz HP+2 AC+2 EV+2
                  | SH+2}
 14745 | Lair:1   | Found a dark tunnel.
 14765 | Volcano  | Entered a volcano
 14822 | Volcano  | Found a radiant altar of Vehumet.
 14848 | Volcano  | Noticed a stone giant
 14857 | Volcano  | Killed a stone giant
 14858 | Volcano  | Reached skill level 11 in Dodging
 15213 | Lair:1   | Learned a level 5 spell: Freezing Cloud
 15229 | Lair:1   | Noticed Fannar
 15237 | Lair:1   | Learned a level 5 spell: Fireball
 15256 | Lair:1   | Killed Fannar
 15262 | Lair:1   | Noticed Erica
 15285 | Lair:1   | Killed Erica
 16343 | Lair:2   | Reached XP level 13. HP: 101/101 MP: 26/26
 16370 | Lair:2   | Found a staircase to the Shoals.
 16455 | Lair:2   | Found a hole to the Spider Nest.
 16934 | Lair:2   | Reached skill level 12 in Dodging
 17024 | Lair:2   | Found a runed translucent door.
 17025 | Lair:2   | Noticed tinescath's ghost (journeyman GrEE)
 17565 | Lair:3   | Reached skill level 10 in Spellcasting
 18394 | Lair:4   | Noticed Nessos
 18408 | Lair:4   | Nessos changed into Nessos the death drake
 18408 | Lair:4   | Noticed Nessos
 18420 | Lair:4   | Nessos the death drake changed into Nessos the swamp dragon
 18420 | Lair:4   | Noticed Nessos
 18433 | Lair:4   | Killed Nessos the swamp dragon
 18463 | Lair:4   | Identified the +4 quarterstaff "Myucag" {flame, rPois
                  | Int+2}
 18493 | Lair:3   | Reached skill level 10 in Fighting
 18743 | Lair:4   | Found a staircase to the Slime Pits.
 19781 | Lair:5   | Entered Level 5 of the Lair of Beasts
 19951 | Lair:5   | Found a frozen archway.
 19983 | IceCv    | Entered an ice cave
 20013 | IceCv    | Reached XP level 14. HP: 91/110 MP: 14/28
 20162 | IceCv    | Reached skill level 10 in Invocations
 20457 | IceCv    | Reached ****** piety under the Shining One
 20530 | IceCv    | Identified the ring "Nyozokk" {rElec rF+ AC+4 Str-3 Int+5}
 20530 | IceCv    | Noticed a white draconian
 20620 | IceCv    | Reached skill level 13 in Dodging
 20668 | IceCv    | Killed a white draconian
 21630 | Lair:5   | Found an opulent altar of Gozag.
 23226 | Orc:1    | Entered Level 1 of the Orcish Mines
 23292 | Orc:1    | Noticed Nergalle
 23301 | Orc:1    | Killed Nergalle
 23990 | Orc:2    | Entered Level 2 of the Orcish Mines
 24304 | Orc:1    | Reached skill level 10 in Conjurations
 24557 | Orc:2    | Found a staircase to the Elven Halls.
 24763 | Orc:2    | Reached skill level 10 in Short Blades
 24763 | Orc:2    | Reached skill level 10 in Long Blades
 24763 | Orc:2    | Reached skill level 10 in Maces & Flails
 24763 | Orc:2    | Reached skill level 10 in Polearms
 24763 | Orc:2    | Reached skill level 10 in Staves
 24763 | Orc:2    | Reached skill level 10 in Ranged Weapons
 24763 | Orc:2    | Reached skill level 10 in Throwing
 24763 | Orc:2    | Reached skill level 10 in Armour
 24763 | Orc:2    | Reached skill level 10 in Stealth
 24763 | Orc:2    | Reached skill level 10 in Shields
 24763 | Orc:2    | Reached skill level 10 in Unarmed Combat
 24763 | Orc:2    | Reached skill level 10 in Evocations
 24767 | Orc:2    | Found Dasa's Assorted Antiques.
 24767 | Orc:2    | Found Ugusiclai's Book Shop.
 24870 | Orc:2    | Reached skill level 14 in Dodging
 24877 | Orc:2    | Found Qaneelos's Antique Armour Shop.
 24877 | Orc:2    | Found Yrrext's Armour Shoppe.
 24922 | Orc:2    | Reached XP level 15. HP: 103/118 MP: 13/30
 25402 | Orc:2    | Bought a pair of faintly humming boots for 247 gold pieces
 25402 | Orc:2    | Identified the +1 pair of boots of Nuasybb {rF+ Stlth+}
                  | (You bought it in a shop on level 2 of the Orcish Mines)
 25412 | Orc:2    | Bought a pair of glowing gloves for 195 gold pieces
 25897 | D:12     | Noticed Frances
 25908 | D:12     | Killed Frances
 25909 | D:12     | Found Vejublok's General Store.
 26357 | Lair:1   | Learned a level 3 spell: Mephitic Cloud
 26387 | Spider:1 | Entered Level 1 of the Spider Nest
 26452 | Spider:1 | Noticed an emperor scorpion
 26470 | Spider:1 | Killed an emperor scorpion
 27112 | Spider:1 | Noticed a ghost moth
 27122 | Spider:1 | Killed a ghost moth
 27679 | Spider:1 | Reached skill level 10 in Ice Magic
 27896 | Spider:1 | Upgraded the game from 0.30-a0-702-gdf48620a09 to
                  | 0.30-a0-711-gf4ac18a38d
 28389 | Spider:2 | Noticed an emperor scorpion
 28402 | Spider:2 | Killed an emperor scorpion
 28403 | Spider:2 | Reached skill level 15 in Dodging
 28799 | Spider:2 | Learned a level 2 spell: Passwall
 29680 | Spider:3 | Reached XP level 16. HP: 111/127 MP: 16/32
 32061 | Spider:4 | Entered Level 4 of the Spider Nest
 33030 | Spider:4 | Identified the +1 bardiche of Defence by Offence {freeze,
                  | Str+2 Dex+3}
 33715 | Spider:4 | Noticed Arachne
 33726 | Spider:4 | Reached skill level 16 in Dodging
 33730 | Spider:4 | Killed Arachne
 33730 | Spider:4 | Was placed under penance by the Shining One
 34937 | Spider:3 | Reached XP level 17. HP: 86/135 MP: 33/33
 35372 | Spider:4 | Reached skill level 10 in Hexes
 35372 | Spider:4 | Reached skill level 10 in Summonings
 35372 | Spider:4 | Reached skill level 10 in Necromancy
 35372 | Spider:4 | Reached skill level 10 in Translocations
 35372 | Spider:4 | Reached skill level 10 in Transmutations
 35372 | Spider:4 | Reached skill level 10 in Fire Magic
 35372 | Spider:4 | Reached skill level 10 in Air Magic
 35372 | Spider:4 | Reached skill level 10 in Earth Magic
 35372 | Spider:4 | Reached skill level 10 in Poison Magic
 35649 | Spider:4 | Got a gossamer rune of Zot
 37580 | D:13     | Was forgiven by the Shining One
 38269 | D:14     | Noticed Josephine
 38270 | D:14     | Killed Josephine
 38515 | D:14     | Found a gate to the Vaults.
 38744 | D:15     | Entered Level 15 of the Dungeon
 38856 | D:15     | Reached skill level 17 in Dodging
 39051 | D:15     | Found a staircase to the Depths.
 39444 | D:15     | Paralysed by an orc sorcerer for 3 turns
 39547 | D:15     | Found a portal to a secret trove of treasure.
 39591 | D:15     | Noticed Agnes
 39596 | D:15     | Killed Agnes
 39767 | D:15     | Noticed Louise
 39771 | Abyss:3  | Cast into level 3 of the Abyss (Louise)
 39792 | Abyss:3  | Gained mutation: Your spells are a little easier to cast,
                  | but a little less powerful. [a neqoxec]
 39795 | Abyss:3  | Gained mutation: You occasionally lose the ability to drink
                  | potions when taking damage. [a neqoxec]
 39812 | Abyss:3  | Noticed a tentacled starspawn
 39815 | Abyss:3  | Killed a tentacled starspawn
 39841 | Abyss:3  | Noticed a tentacled starspawn
 39871 | Abyss:3  | Killed a tentacled starspawn
 39872 | Abyss:3  | Reached XP level 18. HP: 91/143 MP: 35/35
 39972 | Abyss:3  | Gained mutation: Potions are less effective at restoring
                  | your health. [a neqoxec]
 39995 | Abyss:3  | Got an abyssal rune of Zot
 40148 | Abyss:3  | Noticed a Hell Sentinel
 40152 | D:15     | Escaped the Abyss
 40418 | Lair:1   | Lost mutation: You occasionally lose the ability to drink
                  | potions when taking damage. [potion of mutation]
 40418 | Lair:1   | Lost mutation: Potions are less effective at restoring your
                  | health. [potion of mutation]
 40418 | Lair:1   | Gained mutation: You are dopey. (Int -2) [potion of
                  | mutation]
 40419 | Lair:1   | Lost mutation: You are dopey. (Int -2) [potion of mutation]
 40419 | Lair:1   | Lost mutation: Your spells are a little easier to cast, but
                  | a little less powerful. [potion of mutation]
 40419 | Lair:1   | Gained mutation: You have sharp toenails. [potion of
                  | mutation]
 40893 | Lair:1   | Learned a level 6 spell: Conjure Ball Lightning
 40898 | Lair:1   | Learned a level 4 spell: Cause Fear
 40936 | Shoals:1 | Entered Level 1 of the Shoals
 40936 | Shoals:1 | Found Lenub's Magic Scroll Shop.
 41029 | Shoals:1 | Bought a scroll of blinking for 127 gold pieces
 41029 | Shoals:1 | Bought a scroll of poison for 68 gold pieces
 42169 | Shoals:2 | Reached skill level 18 in Dodging
 42265 | Shoals:2 | Found Ytaxuesh's Book Emporium.
 42385 | Shoals:2 | Identified a scroll of acquirement
 42386 | Shoals:2 | Acquired a staff of cold
 43666 | Shoals:3 | Reached XP level 19. HP: 151/151 MP: 37/37
 44856 | Shoals:3 | Found Awawkir's Weapon Shoppe.
 45142 | Shoals:4 | Entered Level 4 of the Shoals
 45895 | Shoals:4 | Paralysed by an air elemental for 1 turns
 46924 | Shoals:4 | Got a barnacled rune of Zot
 47094 | Shoals:4 | Paralysed by an air elemental for 1 turns
 47822 | D:6      | Killed Rudyous's ghost
 47822 | D:6      | Killed Mitcholas's ghost
 47822 | D:6      | Killed ctx's ghost
 47823 | D:6      | Reached skill level 15 in Axes
 47823 | D:6      | Killed dracfodder's ghost
 47823 | D:6      | Killed elongatedgoose's ghost
 48056 | D:9      | Killed hikkokomori's ghost
 48161 | Lair:2   | Killed tinescath's ghost
 48204 | Lair:1   | Learned a level 5 spell: Lee's Rapid Deconstruction
 48209 | Lair:1   | Learned a level 4 spell: Iskenderun's Mystic Blast
 48264 | Shoals:1 | Bought a scroll of fear for 68 gold pieces
 48264 | Shoals:1 | Bought a scroll of enchant weapon for 127 gold pieces
 48429 | Orc:2    | Bought a scroll of enchant weapon for 240 gold pieces
 48681 | Elf:1    | Entered Level 1 of the Elven Halls
 49106 | Elf:1    | Reached skill level 19 in Dodging
 49466 | Elf:1    | Paralysed by an air elemental for 1 turns
 49521 | Elf:1    | Found Ziet's Book Boutique.
 49637 | Elf:1    | You fall into a shaft and drop 1 floor!
 49642 | Elf:2    | Found a huge runed translucent gate.
 49642 | Elf:2    | Found a huge runed translucent gate.
 49642 | Elf:2    | Found a huge runed translucent gate.
 49642 | Elf:2    | Found a huge runed translucent gate.
 49645 | Elf:2    | Found a huge runed translucent gate.
 49688 | Elf:2    | Reached skill level 15 in Invocations
 49962 | Elf:2    | Reached XP level 20. HP: 125/160 MP: 18/38
 50562 | Elf:2    | Found Amiusask's Jewellery Shop.
 50562 | Elf:2    | Found Hoapaara's Book Shoppe.
 50563 | Elf:2    | Found Anivveg's Book Shoppe.
 51481 | Elf:3    | Entered Level 3 of the Elven Halls
 51508 | Elf:3    | Found Peull's Weapon Shop.
 51747 | Elf:3    | Identified the +6 chain mail of the Game Afoot {Rampage rC+
                  | Stlth-}
 51777 | Elf:3    | Reached skill level 15 in Spellcasting
 51930 | Elf:3    | Reached skill level 15 in Ice Magic
 52104 | Elf:3    | Identified the +5 dagger of the Brewing Gods {elec, Str+4}
 52248 | Elf:3    | Identified the ring "Piochuis" {SInv Stlth+}
 52310 | Elf:3    | Identified the ring "Ogukon" {Will+ Int+4 Dex+6}
 52664 | Elf:3    | Reached skill level 15 in Fighting
 52673 | Elf:3    | Identified the ring "Leanis" {Will+ Dex+3}
 52809 | Elf:3    | Identified the +2 chain mail of Spite {Drain +Inv rPois
                  | rC++}
 53067 | Elf:3    | Identified the +1 shortbow of Shifting Destruction {drain,
                  | Int+3 Stlth+}
 53183 | Elf:3    | Got Wyfuann's Secrets of the Displaced Adder
 53205 | Elf:3    | Identified the +0 cloak of the Tired Beggars {rN+}
 53225 | Elf:3    | Got the Spellbook of Sparks and Fumes
 53239 | Elf:3    | Got the Excursus on Star-crossed Minerals
 53953 | D:15     | Learned a level 4 spell: Animate Armour
 53959 | D:15     | Learned a level 5 spell: Yara's Violent Unravelling
 53964 | Depths:1 | Entered Level 1 of the Depths
 54066 | Depths:1 | Found a gateway to Hell.
 54166 | Depths:1 | Noticed a golden dragon
 54166 | Depths:1 | Noticed a caustic shrike
 54169 | Depths:1 | Found a runed translucent door.
 54290 | Depths:1 | Noticed Bai Suzhen
 54296 | Depths:1 | Killed Bai Suzhen
 54297 | Depths:1 | Reached skill level 20 in Dodging
 54336 | Depths:1 | Found a runed translucent door.
 54498 | Depths:1 | Found the +27 heavy crossbow "Sniper" {heavy, Acc+∞ SInv}
 54500 | Depths:1 | Noticed a golden dragon
 54513 | Depths:1 | Killed a golden dragon
 54542 | Depths:1 | Reached XP level 21. HP: 141/168 MP: 35/40
 54953 | Depths:1 | Found a one-way gateway to a ziggurat.
 54964 | Depths:1 | Found Ofuopt's Antique Armour Emporium.
 55127 | Depths:1 | Found a one-way gate to the infinite horrors of the Abyss.
 55705 | Depths:3 | Noticed a golden dragon
 55820 | Depths:3 | Noticed a juggernaut
 55993 | Depths:2 | Killed a juggernaut
 56096 | Depths:2 | Killed a golden dragon
 56227 | Depths:3 | Noticed a caustic shrike
 56232 | Depths:3 | Killed a caustic shrike
 56364 | Depths:3 | Noticed a golden dragon
 56368 | Depths:3 | Killed a golden dragon
 56435 | Depths:2 | Reached skill level 15 in Short Blades
 56435 | Depths:2 | Reached skill level 15 in Long Blades
 56435 | Depths:2 | Reached skill level 15 in Maces & Flails
 56435 | Depths:2 | Reached skill level 15 in Polearms
 56435 | Depths:2 | Reached skill level 15 in Staves
 56435 | Depths:2 | Reached skill level 15 in Ranged Weapons
 56435 | Depths:2 | Reached skill level 15 in Throwing
 56435 | Depths:2 | Reached skill level 15 in Armour
 56435 | Depths:2 | Reached skill level 15 in Stealth
 56435 | Depths:2 | Reached skill level 15 in Shields
 56435 | Depths:2 | Reached skill level 15 in Unarmed Combat
 56435 | Depths:2 | Reached skill level 15 in Evocations
 56891 | Depths:2 | Found a one-way gate leading to the halls of Pandemonium.
 57210 | Depths:2 | Found a white marble altar of Elyvilon.
 57776 | Depths:3 | Identified the +1 scale mail of the Stars {rPois Dex+2}
 58551 | Depths:4 | Entered Level 4 of the Depths
 58570 | Depths:3 | Reached skill level 21 in Dodging
 58632 | Depths:4 | Reached XP level 22. HP: 177/177 MP: 42/42
 59660 | Depths:4 | Noticed a caustic shrike
 59660 | Depths:4 | Noticed a caustic shrike
 59673 | Depths:4 | Killed a caustic shrike
 59674 | Depths:4 | Noticed a caustic shrike
 59678 | Depths:4 | Killed a caustic shrike
 59699 | Depths:4 | Killed a caustic shrike
 59907 | Depths:4 | Found Voecit's General Store.
 59915 | Depths:4 | Bought a scroll of blinking for 120 gold pieces
 60046 | Depths:4 | Found Liosedelol's Magic Scroll Shoppe.
 60048 | Depths:4 | Found Dyutwip's Armour Emporium.
 60050 | Depths:4 | Found Tiot's Magic Scroll Shoppe.
 60097 | Depths:4 | Noticed a golden dragon
 60097 | Depths:4 | a golden dragon changed into a caustic shrike
 60097 | Depths:4 | Noticed a caustic shrike (glowing shapeshifter)
 60106 | Depths:4 | a caustic shrike changed into an acid blob
 60108 | Depths:4 | an acid blob changed into a caustic shrike
 60108 | Depths:4 | Noticed a caustic shrike (glowing shapeshifter)
 60114 | Depths:4 | Killed a caustic shrike
 60486 | Depths:4 | Found a gate to the Realm of Zot.
 60949 | D:15     | Killed Louise
 61009 | Vaults:1 | Entered Level 1 of the Vaults
 62300 | Vaults:1 | Found Dibla's Jewellery Shop.
 62309 | Vaults:1 | Reached XP level 23. HP: 185/185 MP: 43/43
 63247 | Vaults:2 | Noticed Donald
 63254 | Vaults:2 | Killed Donald
 63255 | Vaults:2 | Reached skill level 22 in Dodging
 63705 | Vaults:2 | Noticed Xtahua
 63716 | Vaults:2 | Killed Xtahua
 64051 | Vaults:2 | Noticed Mennas
 65966 | Vaults:3 | You fall into a shaft and drop 1 floor!
 66117 | Vaults:4 | Reached skill level 15 in Conjurations
 66694 | Vaults:3 | Paralysed by a vampire knight for 2 turns
 66714 | Vaults:3 | Reached XP level 24. HP: 195/195 MP: 42/44
 66717 | Vaults:3 | Paralysed by a vampire knight for 2 turns
 66729 | Vaults:3 | Found a staircase to the Crypt.
 66982 | Vaults:3 | Noticed Nikola
 66995 | Vaults:3 | Killed Nikola
 67633 | Vaults:3 | Noticed Jory
 67636 | Vaults:3 | Killed Jory
 68020 | Vaults:4 | Reached skill level 23 in Dodging
 68042 | Vaults:4 | Found Jiskuemyle's Weapon Shoppe.
 68315 | Abyss:3  | Cast into level 3 of the Abyss (a wizard)
 68334 | Vaults:4 | Escaped the Abyss
 69521 | D:15     | Upgraded the game from 0.30-a0-711-gf4ac18a38d to
                  | 0.30-a0-715-gdb4ae3ece1
 69525 | D:15     | Learned a level 3 spell: Portal Projectile
 69730 | Slime:1  | Entered Level 1 of the Pits of Slime
 70188 | Slime:1  | Gained mutation: Your natural rate of healing is unusually
                  | fast. [a shining eye]
 70402 | Slime:2  | Lost mutation: Your natural rate of healing is unusually
                  | fast. [a shining eye]
 71083 | Slime:5  | Entered Level 5 of the Pits of Slime
 71971 | Slime:5  | Gained mutation: You occasionally lose the ability to read
                  | scrolls when taking damage. [a shining eye]
 72234 | D:15     | Lost mutation: You have sharp toenails. [potion of
                  | mutation]
 72234 | D:15     | Lost mutation: You occasionally lose the ability to read
                  | scrolls when taking damage. [potion of mutation]
 72234 | D:15     | Gained mutation: You are partially covered in iridescent
                  | scales. (AC +2) [potion of mutation]
 72234 | D:15     | Gained mutation: You are strong-willed. (Will+) [potion of
                  | mutation]
 72234 | D:15     | Gained mutation: Your magical capacity is low. (-10% MP)
                  | [potion of mutation]
 72497 | Slime:5  | Reached XP level 25. HP: 203/203 MP: 40/40
 72910 | Slime:5  | Noticed the Royal Jelly
 73332 | Slime:5  | Found a viscous altar of Jiyva.
 73341 | Slime:5  | Found the +13 scythe of Curses {drain, curses, Drain}
 73341 | Slime:5  | Found the ring of the Hare {EV+10}
 73690 | Slime:5  | Killed the Royal Jelly
 74066 | Slime:5  | Identified the ring "Powkot" {rPois rN+ Will+ Stlth+}
 74071 | Slime:5  | Identified the +2 leather armour of the Shining Light {rC+}
 74085 | Slime:5  | Got the Dissertation on the Airy Voyage
 74100 | Slime:5  | Got the Octavo of Bewitchment
 74105 | Slime:5  | Got a slimy rune of Zot
 74106 | Slime:5  | Identified the +10 short sword of Extinguishment {heavy,
                  | rPois rC+ Str-3}
 74182 | Slime:5  | Identified the +11 mace of Kismet {drain, Str+2 Dex+6}
 74478 | D:15     | Learned a level 6 spell: Dispersal
 74657 | Crypt:1  | Entered Level 1 of the Crypt
 75349 | Crypt:1  | Found a runed door.
 75536 | Crypt:1  | Noticed an ancient lich
 75748 | Crypt:1  | Identified the ring "Furooph" {rElec rC+ rN+ Str+2}
 75770 | Crypt:1  | Identified the +6 leather armour "Sex Cietzei" {Will+
                  | Int+5}
 75770 | Crypt:1  | Identified the ring "Mosuczewn" {rC+ Will+ EV+5 SInv}
 75772 | Crypt:1  | Identified the ring "Buplo" {rF++ Will- Int+6 Dex+2 SInv}
 75782 | Crypt:1  | Killed an ancient lich
 75789 | Crypt:1  | Reached skill level 15 in Hexes
 75789 | Crypt:1  | Reached skill level 15 in Summonings
 75789 | Crypt:1  | Reached skill level 15 in Necromancy
 75789 | Crypt:1  | Reached skill level 15 in Translocations
 75789 | Crypt:1  | Reached skill level 15 in Transmutations
 75789 | Crypt:1  | Reached skill level 15 in Fire Magic
 75789 | Crypt:1  | Reached skill level 15 in Air Magic
 75789 | Crypt:1  | Reached skill level 15 in Earth Magic
 75789 | Crypt:1  | Reached skill level 15 in Poison Magic
 76300 | Crypt:2  | Noticed Boris
 76342 | Crypt:2  | Reached skill level 24 in Dodging
 76439 | Crypt:2  | Identified the +2 ring mail of the Salmon {rElec}
 77024 | Crypt:3  | Entered Level 3 of the Crypt
 77410 | Crypt:3  | Found a staircase to the Tomb.
 77840 | Crypt:3  | Identified the ring "Focheyde" {rElec rN+++ MP+9 Str-4
                  | Int+3}
 78542 | Crypt:3  | Identified the ring of Wu Jian's Reproof {rC++ rN+ Str+2
                  | Slay+3 SInv}
 78590 | Crypt:3  | Reached XP level 26. HP: 140/213 MP: 40/40
 78787 | Crypt:3  | Found a basalt altar of Yredelemnul.
 78787 | Crypt:3  | Identified the ring of Disaster {*Slow rN+ MP+9 Str+5
                  | Int+4}
 78795 | Crypt:3  | Found an ancient bone altar of Kikubaaqudgha.
 78888 | Crypt:3  | Identified the +1 sling of the Fifty Curses {heavy, Stlth+}
 78893 | Crypt:3  | Identified the +1 chain mail of the Wasteland {Rampage
                  | rPois Int+3 SInv}
 78896 | Crypt:3  | Identified the ring of Ephemeral Luck {Fly rN+ Dex+4}
 78913 | Crypt:3  | Learned a level 6 spell: Iron Shot
 79192 | D:15     | Acquired an Inescapable Atlas
 79197 | D:15     | Learned a level 2 spell: Blink
 79275 | Zot:1    | Entered Level 1 of the Realm of Zot
 79434 | D:15     | Identified a +7 trishula of holy wrath (a +5 demon trident
                  | of flaming blessed by the Shining One)
 79434 | D:15     | Received a gift from the Shining One
 82183 | Zot:3    | Reached skill level 25 in Dodging
 82667 | Zot:3    | Identified the amulet "Wasen" {Acrobat +Blink rElec rF-
                  | MP+9}
 82682 | Zot:3    | Noticed Parghit
 83089 | Zot:3    | Found the +3 pair of seven-league boots {Rampage+∞}
 83152 | Zot:3    | Identified the +10 ice dragon scales of Anaesthesia {rF-
                  | rC++ Str+2}
 83515 | Zot:3    | Killed Parghit
 83956 | Zot:3    | Noticed an orb of fire
 84270 | Zot:4    | Reached XP level 27. HP: 176/221 MP: 29/41
 84836 | Zot:4    | Learned a level 8 spell: Maxwell's Capacitive Coupling
 85849 | Zot:5    | Entered Level 5 of the Realm of Zot
 86220 | Zot:5    | Noticed a dread lich
 86225 | Zot:5    | Killed a dread lich
 86343 | Zot:5    | Noticed an orb of fire
 86353 | Zot:5    | Killed an orb of fire
 86592 | Zot:5    | Noticed an orb of fire
 86603 | Zot:5    | Killed an orb of fire
 86917 | Zot:5    | Noticed an ancient lich
 86921 | Zot:5    | Noticed an ancient lich
 86956 | Zot:5    | Reached skill level 26 in Dodging
 87117 | Zot:5    | Noticed an orb of fire
 87225 | Zot:5    | Killed an ancient lich
 87253 | Zot:5    | Gained mutation: You are clumsy. (Dex -2) [an orb of fire]
 87254 | Zot:5    | Gained mutation: You are frail. (-10% HP) [an orb of fire]
 87255 | Zot:5    | Killed an orb of fire
 87513 | Zot:5    | Noticed an orb of fire
 87522 | Zot:5    | Gained mutation: You do not regenerate when monsters are
                  | visible. [an orb of fire]
 87527 | Zot:5    | Gained mutation: You are dopey. (Int -2) [an orb of fire]
 87527 | Zot:5    | Gained mutation: You occasionally lose the ability to drink
                  | potions when taking damage. [an orb of fire]
 87530 | Zot:5    | Killed an orb of fire
 87774 | Zot:4    | Lost mutation: You are partially covered in iridescent
                  | scales. (AC +2) [potion of mutation]
 87774 | Zot:4    | Lost mutation: Your magical capacity is low. (-10% MP)
                  | [potion of mutation]
 87774 | Zot:4    | Lost mutation: You are frail. (-10% HP) [potion of
                  | mutation]
 87774 | Zot:4    | Gained mutation: Your spells are a little harder to cast,
                  | but a little more powerful. [potion of mutation]
 87775 | Zot:4    | Lost mutation: Your spells are a little harder to cast, but
                  | a little more powerful. [potion of mutation]
 87775 | Zot:4    | Lost mutation: You are clumsy. (Dex -2) [potion of
                  | mutation]
 87775 | Zot:4    | Lost mutation: You are dopey. (Int -2) [potion of mutation]
 87776 | Zot:4    | Lost mutation: You occasionally lose the ability to drink
                  | potions when taking damage. [potion of mutation]
 87776 | Zot:4    | Lost mutation: You are strong-willed. (Will+) [potion of
                  | mutation]
 87776 | Zot:4    | Lost mutation: You do not regenerate when monsters are
                  | visible. [potion of mutation]
 87776 | Zot:4    | Gained mutation: You are covered in fur. (AC +1) [potion of
                  | mutation]
 87776 | Zot:4    | Gained mutation: You possess an exceptional clarity of
                  | mind. [potion of mutation]
 87829 | Zot:5    | Noticed an orb of fire
 88063 | Zot:5    | Gained mutation: Your magical capacity is low. (-10% MP)
                  | [an orb of fire]
 88066 | Zot:5    | Killed an orb of fire
 88067 | Zot:5    | Killed an ancient lich
 89065 | Zot:5    | Got the Orb of Zot
 89362 | D:15     | Noticed a seraph
 89617 | D:$      | Escaped with the Orb!

Illustrated notes

Levels and vault maps discovered:
D:1:      nicolae_arrival_memento_mori, layout_rooms,
          chequers_serial_rivers_large_b, corexii_leaking_fountain,
          nrook_loot_triangle
D:2:      layout_basic, basic_ecumenical_altar, serial_shops, shop_statue
D:3:      layout_loops_corners, nicolae_hexahallways
D:4:      minmay_octagon_keep, layout_loops_cross
D:5:      layout_loops_ring, minmay_temple_entry_slanted, goddamned_bats,
          uniq_blork_the_orc
D:6:      layout_loops_cross, mainiacjoe_overflow_small_starburst,
          gammafunk_temple_overflow_elements, gammafunk_ghost_cemetery,
          minmay_manual_mess
D:7:      minmay_the_grid_triangle_9x9_rhombus_full
          [minmay_the_grid_triangle_9x9_negative_grid,
          minmay_the_grid_triangle_9x9_from_above,
          minmay_the_grid_triangle_9x9_skeleton,
          minmay_the_grid_triangle_9x9_warning,
          minmay_the_grid_triangle_9x9_corruption,
          minmay_the_grid_triangle_9x9_stretched_checkered,
          minmay_the_grid_triangle_9x9_thin_v,
          minmay_the_grid_triangle_9x9_prize_special], layout_basic, minivault_5
D:8:      layout_cave_pods, uniq_prince_ribbit1, uniq_maurice, uniq_maggie
D:9:      layout_irregular_city, mainiacjoe_overflow_catwalk_spiral,
          gammafunk_ghost_stat_death, serial_shops, kennysheep_little_box,
          uniq_joseph
D:10:     layout_loops_corners, lair_entry_dummy, zombieorc1_lemuel
D:11:     layout_roguey, serial_shops, shop
D:12:     layout_basic, serial_shops, nicolae_shop_behind_doors, uniq_frances
D:13:     layout_big_octagon, hellmonk_guarded_unrand_dark_maul
D:14:     layout_irregular_city, grunt_vaults_entry_tiered,
          hangedman_decor_diamond_cutter, uniq_josephine
D:15:     gammafunk_depths_entry_grave, layout_irregular_city,
          minmay_crystal_water, enter_trove_0, uniq_agnes, uniq_louise
Lair:1:   layout_cave_pods, lightli_volcano_entry_magma_tube,
          minmay_lair_oklob_bushes, uniq_erica, uniq_fannar
Lair:2:   layout_regular_city, nicolae_shoals_entry_roost,
          hellmonk_spider_entry_life_and_decay, gammafunk_ghost_grave,
          grunt_forest_small_clearings, grunt_megastairs_5, serial_bayou_shore_a
Lair:3:   layout_loops_ring
Lair:4:   layout_gridlike, minmay_slime_entry_oklob_enclosed, uniq_nessos
Lair:5:   evilmike_catoblepas_cave, layout_cave_pods, basic_altar,
          portal_ice_cave_rime, grunt_forest_stairs_basic
Shoals:1: layout_shoals, serial_shops, shop, nicolae_shoals_water_booths
Shoals:2: layout_shoals, serial_shops, nicolae_shop_trees,
          nicolae_shoals_goliath_grotto
Shoals:3: layout_shoals, serial_shops, nicolae_shop_advertising_works
          [nicolae_subvault_shop_adworks]
Shoals:4: shoals_end_hellmonk_storm_palace [storm_palace_center_ruins,
          storm_palace_corner_reverse_hut, storm_palace_corner_reverse_hut,
          storm_palace_corner_blocked, storm_palace_corner_narrow]
Spider:1: layout_spider_delve, nicolae_spider_swamp_cousins
Spider:2: layout_spider_delve
Spider:3: layout_cave_pods, special_room [special_room_bee]
Spider:4: johnstein_spider_rune_arachne_lair, hangedman_spider_mandibles
Slime:1:  cheibrodos_slime_lost_civilization_2, layout_caves
Slime:2:  layout_caves
Slime:3:  layout_caves
Slime:4:  layout_caves
Slime:5
Orc:1:    dreamdust_under_siege, layout_diamond_mine, mines2_lemuel,
          uniq_nergalle
Orc:2:    st_orc_town, layout_diamond_mine
Elf:1:    minmay_elf_arrival_circle, layout_gridlike, serial_shops, shop,
          kennysheep_underground_church, roderic_roman_lattice
Elf:2:    elven_hall_of_blades_hangedman_alternative [nicolae_blade_tridents],
          layout_gridlike, st_stairs_13, minmay_shop_grove
Elf:3:    minmay_elf_hall_quartered_circle, layout_geoelf_octagon, serial_shops,
          nicolae_shop_trees
Vaults:1: vaults_mumra_chevron, v_rooms_5, ontoclasm_vaults_hangar,
          nicolae_vaults_little_squares_4, vaults_room_ringed_pool,
          nicolae_vaults_specimen_jars, v_alt_pattern_5,
          nicolae_vaults_network_barrier, v_misc_26, v_misc_1,
          vaults_dpeg_emergency_exit, layout_vaults_omnigrid, serial_shops,
          nicolae_shop_trees
Vaults:2: nicolae_vaults_display_case, vaults_mumra_minichess_inversion,
          v_misc_19, v_misc_3, ontoclasm_vaults_spin, v_misc_10,
          hangedman_vaults_capsules, grunt_vaults_focal,
          nicolae_vaults_circle_grid_a, ontoclasm_vaults_pinch, v_misc_10,
          grunt_vaults_hallway_short, layout_vaults_ring, uniq_donald,
          uniq_xtahua, uniq_mennas
Vaults:3: vaults_room_hallway, v_misc_16, minmay_crypt_entry_simple_box,
          dpeg_vaults_waves, hangedman_vaults_stitches, grunt_vaults_bifocal,
          nicolae_vaults_inception_corners, hangedman_vaults_slice,
          grunt_vaults_trifunnel, vaults_room_pools, hangedman_vaults_locks,
          nicolae_vaults_network_square, ontoclasm_vaults_twist,
          vaults_dpeg_ring, nicolae_vaults_ring_of_whatevers, v_misc_13,
          v_misc_22, layout_vaults_maze_bifur, uniq_nikola, uniq_jory
Vaults:4: vaults_room_large_hall, hangedman_vaults_nodes,
          hangedman_vaults_stream, v_misc_5, hangedman_vaults_slither,
          nicolae_vaults_theta, nicolae_vaults_mini_display_case, v_misc_16,
          vaults_dpeg_hooks, hangedman_vaults_trim, nicolae_vaults_angled_halls,
          nicolae_vaults_statue_guard, layout_vaults_omnicross, serial_shops,
          shop
Crypt:1:  evilmike_wizard_prison, layout_regular_city, st_stairs_1,
          serial_sigils_hangedman_scar
Crypt:2:  layout_regular_city, uniq_boris
Crypt:3:  lightli_unholy_cathedral, layout_chaotic_city,
          tomb_entry_forgotten_bobbens, nicolae_crypt_small_crypt, minivault_27,
          grunt_megastairs_2
Depths:1: layout_gridlike, enter_ziggurat_e, chequers_serial_rivers_micro_c,
          abyss_entry, serial_shops, kennysheep_mini, hell_entry,
          statue_in_the_mist_lemuel, serial_bayou_pond_c,
          chequers_serial_rivers_micro_d, minmay_st_funbox,
          hangedman_aerie_drop, uniq_bai_suzhen
Depths:2: nooodl_glass_maze, layout_gridville, elyvilon_altar_4,
          grunt_pan_entry_spiral, grunt_hell_entry_dis_mu, serial_bayou_shore_b
Depths:3: minmay_textured_paths, layout_basic, pf_hell_entry_great_geh,
          hex_medium, abyss_entry_crystal
Depths:4: grunt_zot_entry_funnels, layout_gridlike, serial_shops,
          shop_fountains, hell_entry, rand_demon_pan_entry_4, drop_trap,
          minmay_shop_star
Zot:1:    layout_onion_interference, st_single_dragon_hoard_2,
          grunt_ministairs_6, st_stairs_13, st_small_dragon_hoard_1
Zot:2:    layout_misc_corridors
Zot:3:    gammafunk_mikee_crab_dinner, layout_twisted_circle, uniq_parghit
Zot:4:    layout_misc_corridors, grunt_megastairs_4
Zot:5:    layout_misc_corridors

Skill      XL: |  1  2  3  4  5  6  7  8  9 10 11 12 13 14 15 16 17 18 19 20 21 22 23 24 25 26 27 |
---------------+----------------------------------------------------------------------------------+-----
Spellcasting   | 5 6 7 8 9 10 11 12 13 14 15 16 17 18 19 | 19.9
Invocations    | 1 2 3 4 5 6 7 8 9 10 11 12 13 14 15 16 17 18 19 20 | 20.9
Short Blades   | 1 2 3 5 6 7 8 9 10 11 12 13 14 15 16 17 18 19 | 19.4
Long Blades    | 1 2 3 5 6 7 8 9 10 11 12 13 14 15 16 17 18 19 | 19.4
Maces & Flails | 1 2 3 5 6 7 8 9 10 11 12 13 14 15 16 17 18 19 | 19.4
Polearms       | 1 2 3 5 6 7 8 9 10 11 12 13 14 15 16 17 18 19 | 19.4
Staves         | 1 2 3 5 6 7 8 9 10 11 12 13 14 15 16 17 18 19 | 19.4
Ranged Weapons | 1 2 3 5 6 7 8 9 10 11 12 13 14 15 16 17 18 19 | 19.4
Throwing       | 1 2 3 5 6 7 8 9 10 11 12 13 14 15 16 17 18 19 | 19.4
Armour         | 1 2 3 5 6 7 8 9 10 11 12 13 14 15 16 17 18 19 | 19.4
Stealth        | 1 2 3 5 6 7 8 9 10 11 12 13 14 15 16 17 18 19 | 19.4
Shields        | 1 2 3 5 6 7 8 9 10 11 12 13 14 15 16 17 18 19 | 19.4
Unarmed Combat | 1 2 3 5 6 7 8 9 10 11 12 13 14 15 16 17 18 19 | 19.4
Evocations     | 1 2 3 5 6 7 8 9 10 11 12 13 14 15 16 17 18 19 | 19.4
Hexes          | 1 2 3 4 5 6 7 8 9 10 11 12 13 14 15 16 | 16.5
Summonings     | 1 2 3 4 5 6 7 8 9 10 11 12 13 14 15 16 | 16.5
Necromancy     | 1 2 3 4 5 6 7 8 9 10 11 12 13 14 15 16 | 16.5
Translocations | 1 2 3 4 5 6 7 8 9 10 11 12 13 14 15 16 | 16.5
Transmutations | 1 2 3 4 5 6 7 8 9 10 11 12 13 14 15 16 | 16.5
Fire Magic     | 1 2 3 4 5 6 7 8 9 10 11 12 13 14 15 16 | 16.5
Ice Magic      | 1 2 3 4 5 6 7 9 10 11 12 13 14 15 16 17 18 19 20 21 | 21.5
Air Magic      | 1 2 3 4 5 6 7 8 9 10 11 12 13 14 15 16 | 16.5
Earth Magic    | 1 2 3 4 5 6 7 8 9 10 11 12 13 14 15 16 | 16.5
Poison Magic   | 1 2 3 4 5 6 7 8 9 10 11 12 13 14 15 16 17 | 17.7
Fighting       | 5 6 7 8 9 10 11 12 13 14 15 16 17 18 19 | 19.8
Dodging        | 5 6 7 8 10 11 12 14 15 16 17 18 19 20 21 22 23 24 25 26 | 26.3
Axes           | 7 8 9 10 11 12 13 14 15 16 17 18 19 20 | 20.3
Conjurations   | 6 7 8 9 10 11 12 13 14 15 16 17 | 17.3

Action                     |  1- 3 |  4- 6 |  7- 9 | 10-12 | 13-15 | 16-18 | 19-21 | 22-24 | 25-27 || total
---------------------------+-------+-------+-------+-------+-------+-------+-------+-------+-------++-------
  Melee: Hand axe          |   115 |   155 |   566 |   388 |       |       |       |       |       ||  1224
         Bite              |    13 |    21 |    92 |   142 |   155 |   123 |    70 |   262 |   230 ||  1108
         Punch             |     2 |     8 |    36 |    55 |       |       |    14 |       |    88 ||   203
         Broad axe         |       |       |       |   391 |       |       |       |       |       ||   391
         Great mace        |       |       |       |    10 |   883 |   559 |       |       |       ||  1452
         Maul              |       |       |       |       |       |   249 |   127 |     3 |       ||   379
         Staff             |       |       |       |       |       |       |   122 |       |    44 ||   166
         Lajatang          |       |       |       |       |       |       |   166 |   958 |   567 ||  1691
         Unarmed           |       |       |       |       |       |       |     1 |       |    20 ||    21
         Trishula          |       |       |       |       |       |       |       |       |   386 ||   386
   Fire: Longbow           |       |       |       |       |       |   343 |   283 |       |       ||   626
         Hand crossbow     |       |       |       |       |       |       |   251 |       |       ||   251
         Heavy crossbow    |       |       |       |       |       |       |   146 |   408 |   464 ||  1018
  Throw: Boomerang         |       |       |       |       |    34 |     2 |       |       |       ||    36
         Dart              |       |       |       |       |       |    60 |     3 |       |       ||    63
         Throwing net      |       |       |       |       |       |     2 |       |       |     3 ||     5
   Cast: Momentum Strike   |       |     5 |     1 |     3 |       |       |       |       |       ||     9
         Fireball          |       |       |       |     6 |    62 |     2 |     4 |     3 |       ||    77
         Freezing Cloud    |       |       |       |     3 |    38 |    32 |    72 |    35 |    29 ||   209
         Passwall          |       |       |       |       |       |     3 |       |       |     3 ||     6
         Mephitic Cloud    |       |       |       |       |       |     1 |       |       |       ||     1
         Iskenderun's Myst |       |       |       |       |       |       |    37 |     5 |     9 ||    51
         Lee's Rapid Decon |       |       |       |       |       |       |     4 |    33 |    34 ||    71
         Animate Armour    |       |       |       |       |       |       |     4 |     5 |     2 ||    11
         Conjure Ball Ligh |       |       |       |       |       |       |     2 |       |     5 ||     7
         Yara's Violent Un |       |       |       |       |       |       |     5 |     4 |    13 ||    22
         Cause Fear        |       |       |       |       |       |       |       |     1 |       ||     1
         Dispersal         |       |       |       |       |       |       |       |       |     2 ||     2
         Iron Shot         |       |       |       |       |       |       |       |       |     9 ||     9
         Portal Projectile |       |       |       |       |       |       |       |       |     2 ||     2
         Blink             |       |       |       |       |       |       |       |       |     1 ||     1
         Swiftness         |       |       |       |       |       |       |       |       |     1 ||     1
         Maxwell's Capacit |       |       |       |       |       |       |       |       |     8 ||     8
 Invoke: Divine Shield     |       |     1 |     3 |     8 |     5 |     5 |     2 |     1 |       ||    25
         Cleansing Flame   |       |       |       |     4 |     6 |    13 |       |       |     3 ||    26
         Summon Divine War |       |       |       |     1 |       |     3 |     1 |       |     1 ||     6
         Brand Weapon With |       |       |       |       |       |       |       |       |     1 ||     1
  Evoke: Wand              |       |       |       |    10 |    16 |     7 |     2 |       |     1 ||    36
         Tin of tremorston |       |       |       |       |       |     1 |       |       |       ||     1
         Phial of floods   |       |       |       |       |       |       |       |     1 |       ||     1
    Use: Scroll            |       |    11 |     7 |     9 |     3 |    10 |    15 |     5 |    12 ||    72
         Potion            |       |       |     5 |     3 |     4 |    13 |       |     6 |    13 ||    44
 Armour: Leather armour    |    15 |       |       |       |       |       |       |       |       ||    15
         Ring mail         |    13 |    34 |    22 |     9 |       |       |       |       |       ||    78
         Ice dragon scales |       |     6 |   324 |   362 |   675 |   769 |   432 |   575 |   497 ||  3640
         Skin              |       |       |    29 |       |       |       |       |       |     2 ||    31
  Dodge: Dodged            |    92 |    74 |   326 |   354 |   745 |  1045 |   519 |   932 |  1297 ||  5384
  Block: Other             |     2 |    23 |   172 |   214 |   418 |   525 |   186 |   319 |   276 ||  2135
         Reflection        |       |       |     2 |     5 |     3 |    31 |    24 |    16 |     8 ||    89

Table legend: (Time is in decaauts)
 A = Elapsed time spent in this place.
 B = Non-inter-level travel time spent in this place.
 C = Inter-level travel time spent in this place.
 D = Time resting spent in this place.
 E = Time spent auto-exploring this place.
 F = Levels seen in this place.
 G = Mean time per level.
                   A        B        C        D        E       F      G
               +--------+--------+--------+--------+--------+-----+--------+
         Total |  91741 |  83505 |   8236 |  24043 |  37187 |  58 | 1581.7 |
       Dungeon |  22089 |  18789 |   3300 |   2898 |  11263 |  15 | 1472.6 |
          Lair |   8735 |   7583 |   1152 |   1992 |   4101 |   5 | 1747.0 |
        Shoals |   7332 |   7025 |    307 |   2450 |   2439 |   4 | 1833.0 |
   Spider Nest |   9548 |   9271 |    277 |   4523 |   2026 |   4 | 2387.0 |
    Slime Pits |   3800 |   3580 |    220 |   2017 |    409 |   5 |  760.0 |
  Orcish Mines |   2626 |   2158 |    468 |    106 |   1168 |   2 | 1313.0 |
   Elven Halls |   4930 |   4649 |    281 |   1230 |   2203 |   3 | 1643.3 |
        Vaults |   8861 |   8324 |    537 |   1122 |   5236 |   4 | 2215.2 |
         Crypt |   4502 |   4213 |    289 |    915 |   2055 |   3 | 1500.7 |
        Depths |   7741 |   7069 |    672 |   2128 |   3372 |   4 | 1935.2 |
           Zot |   9790 |   9062 |    728 |   3836 |   2774 |   5 | 1958.0 |
         Abyss |    511 |    511 |      0 |    142 |      0 |   2 |  255.5 |
      Ice Cave |    878 |    878 |      0 |    488 |    138 |   1 |  878.0 |
       Volcano |    393 |    393 |      0 |    190 |      0 |   1 |  393.0 |
               +--------+--------+--------+--------+--------+-----+--------+

Top non-repeatable levels by time:
     D:7: 3099 daAuts
Spider:4: 2918 daAuts
Spider:3: 2817 daAuts
Shoals:4: 2601 daAuts
Depths:4: 2504 daAuts
Spider:1: 2472 daAuts
   Zot:5: 2389 daAuts
Vaults:4: 2339 daAuts
   Zot:2: 2328 daAuts
  Lair:5: 2312 daAuts
Vaults:1: 2289 daAuts
Vaults:2: 2288 daAuts
    D:10: 2280 daAuts
  Lair:4: 2121 daAuts
Depths:2: 2070 daAuts
